 Seeded DCSS version 0.29.1-15-g9cfb28693d (webtiles) character file.

Game seed: 1 (custom seed)

6360 Kazon the Trooper (level 11, -1/84 HPs)
             Began as a Human Fighter on Mar 17, 2023.
             Was an Elder of Okawaru.
             Slain by a wyvern (8 damage)
             ... on level 9 of the Dungeon.
             The game lasted 00:39:56 (8667 turns).

Kazon the Trooper (Human Fighter)                   Turns: 8667, Time: 00:39:56

Health: -1/84      AC: 12    Str: 17    XL:     11   Next: 17%
Magic:  12/13      EV: 16    Int: 13    God:    Okawaru [****..]
Gold:   382        SH:  7    Dex: 13    Spells: 10/10 levels left

rFire   . . .      SeeInvis .   s - +3 falchion of Winter {venom, rCorr}
rCold   + + .      Faith    .   c - +0 buckler
rNeg    + + +      Spirit   .   E - +3 leather armour {rC+}
rPois   .          Reflect  .   k - +0 helmet
rElec   .          Harm     .   (no cloak)
rCorr   +          Rampage  .   (no gloves)
Will    +....                   m - +2 pair of boots
Stlth   ++++......              f - amulet of the acrobat
HPRegen 0.24/turn               o - ring "Isyam" {rN+++ Will+ rCorr Int+5 Dex-4}
MPRegen 0.13/turn               G - ring of protection from cold

@: heroic
A: no striking features
a: Renounce Religion, Heroism, Finesse


You were on level 9 of the Dungeon.
You worshipped Okawaru.
Okawaru was greatly pleased with you.
You visited 2 branches of the dungeon, and saw 12 of its levels.

You collected 608 gold pieces.
You spent 226 gold pieces at shops.

Inventory:

Hand Weapons
 e - a +2 dagger of venom
 s - the +3 falchion of Winter (weapon) {venom, rCorr}
   (You bought it in a shop on level 3 of the Dungeon)

   It poisons the flesh of those it strikes.
   rCorr:     It protects you from acid and corrosion.
 w - a +1 sling of flaming
Missiles
 t - 15 boomerangs (quivered)
 y - a throwing net
 C - 3 curare-tipped darts
 J - 8 poisoned darts
Armour
 c - a +0 buckler (worn)
 k - a +0 helmet (worn)
 m - a +2 pair of boots (worn)
 E - a +3 leather armour of cold resistance (worn)
Jewellery
 f - an amulet of the acrobat (around neck)
 o - the ring "Isyam" (left hand) {rN+++ Will+ rCorr Int+5 Dex-4}
   (You acquired it on level 1 of the Dungeon)

   [ring of resist corrosion]

   Int:       It affects your intelligence (+5).
   Dex:       It affects your dexterity (-4).
   rN:        It renders you almost immune to negative energy.
   rCorr:     It protects you from acid and corrosion.
   Will:      It increases your willpower.
 G - a ring of protection from cold (right hand)
 N - a ring of protection from cold
Wands
 A - a wand of mindburst (9)
 D - a wand of flame (14)
 I - a wand of paralysis (10)
 L - a wand of roots (6)
Scrolls
 i - a scroll of identify
 n - 2 scrolls of immolation
 p - a scroll of poison {unknown}
 r - 3 scrolls of fog {unknown}
 v - a scroll of magic mapping
 x - 2 scrolls of noise
 z - 3 scrolls of teleportation
 F - 2 scrolls of enchant weapon
 K - 3 scrolls of fear
Potions
 a - 2 potions of ambrosia {unknown}
 b - 4 potions of berserk rage
 d - 2 potions of might
 g - 2 potions of haste
 h - 2 potions of flight
 l - a potion of magic
 u - 5 potions of lignification
 B - 2 potions of cancellation
 H - a potion of curing


   Skills:
 + Level 7.3(12.3) Fighting
 + Level 5.5(12.1) Short Blades
 + Level 6.9(12.9) Long Blades
 + Level 5.0(10.0) Ranged Weapons
 + Level 4.0(9.0) Throwing
 + Level 6.2(11.2) Armour
 + Level 5.2(10.2) Dodging
 + Level 4.3(9.3) Stealth
 + Level 6.2(11.2) Shields
 * Level 3.7 Invocations
 * Level 4.0 Evocations


You had 10 spell levels left.
You didn't know any spells.
Your spell library contained the following spells:

 Spells                   Type           Power      Damage    Failure   Level
 Apportation              Tloc           0%         N/A       41%         1
 Magic Dart               Conj           0%         1d3       41%         1
 Necrotise                Necr           0%         1d4       41%         1
 Sting                    Tmut/Pois      0%         1d3       41%         1
 Poisonous Vapours        Pois/Air       0%         N/A       54%         2
 Mephitic Cloud           Conj/Pois/Air  0%         N/A       78%         3
 Olgreb's Toxic Radiance  Pois           0%         N/A       99%         4
 Fireball                 Conj/Fire      0%         3d3       100%        5
 Iskenderun's Battlesphe  Conj           0%         2d6       100%        5
 Conjure Ball Lightning   Conj/Air       0%         3x3d6     100%        6
 Orb of Destruction       Conj           0%         9d5       100%        7
 Summon Small Mammal      Summ           Unusable   N/A       N/A         1
 Call Imp                 Summ           Unusable   N/A       N/A         2

Dungeon Overview and Level Annotations

Branches:
Dungeon (11/15)            Temple (1/1) D:7
   Lair: D:8-11         Orc: D:9-12

Altars:
Ashenzari
Dithmenos
Elyvilon
Gozag
Hepliaklqana
Makhleb
Nemelex Xobeh
Okawaru
Qazlal
Uskayaw
Xom

Shops:
D:3 (   D:8 ?(==


Message History

You block the orc's attack.
The orc warrior attacks as you move away!
The orc warrior completely misses you. The wyvern attacks as you move away!
The wyvern completely misses you. You block the orc's attack.
You block the wyvern's attack. The orc completely misses you.
You block the orc warrior's attack.
The orc warrior attacks as you move away!
The orc warrior hits you with a +0 battleaxe.
The orc attacks as you move away! You block the orc's attack.
The wyvern completely misses you.
You barely miss the orc warrior. The wyvern misses you.
An orc comes into view. It is wielding a +0 mace.
The orc warrior misses you.
The orc shouts!
You hit the wyvern.
The wyvern is poisoned.
The wyvern is moderately wounded.
The wyvern misses you.
You slash the orc warrior!
The orc warrior is moderately wounded.
The wyvern bites you. You block the orc warrior's attack.
You barely miss the wyvern.
The wyvern is heavily wounded.
You block the wyvern's attack.
The orc warrior hits you with a +0 battleaxe!
* * * LOW HITPOINT WARNING * * *
You hit the orc warrior but do no damage.
The orc warrior is poisoned.
The orc warrior is moderately wounded.
The wyvern bites you!
* * * LOW HITPOINT WARNING * * *
The wyvern attacks as you move away!
The wyvern bites you but does no damage.
The wyvern closely misses you.
You hit the wyvern.
The wyvern is severely wounded.
The wyvern barely misses you.
You hit the wyvern.
The wyvern is severely wounded.
The orc closely misses you. The wyvern bites you!
You die...

... ........###..... ... ..#
.$o.......#..... . #..#
#..............# #. #..##
##...?##.......# #.. #...##
#...o..##.....## #..#
#...###.o.}.##.......#
#...##....###..............
##.........##....#.....##...
...........@#o...#..#...#...
..#.##....ol...##.!#..##...
#......o.....?.........
##.....#...)........##.
##.....#.)...........#.
#.##)....)..##......##.
##.#...#.....#........#
#.....####......(....#
##...## ##.......####


You could see a wyvern (poisoned) and 2 orcs.

Vanquished Creatures
  Maggie (D:6)
  2 trolls (D:10)
  A shadow (D:9)
  A yak (D:6)
  A wyvern (D:7)
  Eustachio (D:5)
  2 steam dragons
  Menkaure (D:5)
  Edmund (D:6)
  An acid dragon (D:10)
  4 water moccasins
  4 orc warriors
  An ice beast (D:8)
  5 sky beasts
  2 black bears (D:6)
  4 centaurs
  An ogre (D:6)
  2 phantoms (D:6)
  2 kobold brigands
  3 necrophages
  A bullfrog (D:7)
  5 scorpions
  9 wights
  A howler monkey (D:5)
  2 jellies (D:6)
  5 hounds
  7 orc priests
  A gnoll bouda (D:7)
  6 iguanas
  An orc wizard (D:9)
  Robin (D:3)
  11 gnolls
  13 adders
  3 shadow imps
  2 white imps
  An ufetubus (D:5)
  3 worms
  28 orcs
  11 endoplasms
  A giant cockroach (D:1)
  16 goblins
  9 hobgoblins
  A jackal (D:4)
  17 kobolds
  2 quokkas
  5 ball pythons
  4 bats
  3 frilled lizards
  6 rats
215 creatures vanquished.

Notes
Turn   | Place    | Note
-------+----------+-------------------------------------------
     0 | D:1      | Kazon the Human Fighter began the quest for the Orb.
     0 | D:1      | Reached XP level 1. HP: 18/18 MP: 1/1
    33 | D:1      | Identified a scroll of acquirement
    33 | D:1      | Acquired the ring "Isyam" {rN+++ Will+ rCorr Int+5 Dex-4}
    98 | D:1      | Reached XP level 2. HP: 20/24 MP: 2/2
   579 | D:1      | Reached XP level 3. HP: 26/29 MP: 3/3
  1456 | D:2      | Reached XP level 4. HP: 34/35 MP: 4/4
  1811 | D:3      | Found Umat's Antique Weapon Boutique.
  1894 | D:3      | Bought a crude falchion for 184 gold pieces
  1894 | D:3      | Identified the +3 falchion of Winter {venom, rCorr} (You
                  | bought it in a shop on level 3 of the Dungeon)
  2041 | D:3      | Reached skill level 1 in Short Blades
  2041 | D:3      | Reached XP level 5. HP: 31/41 MP: 5/5
  2219 | D:3      | Noticed Robin
  2228 | D:3      | Killed Robin
  2308 | D:3      | Reached skill level 1 in Dodging
  2509 | D:3      | Reached skill level 5 in Fighting
  2509 | D:3      | Reached skill level 5 in Long Blades
  2509 | D:3      | Reached skill level 5 in Armour
  2509 | D:3      | Reached skill level 5 in Shields
  2509 | D:3      | Reached XP level 6. HP: 51/51 MP: 6/6
  2654 | D:4      | Reached XP level 7. HP: 48/56 MP: 7/7
  3033 | D:4      | Found a hazy altar of Hepliaklqana.
  3562 | D:5      | Entered Level 5 of the Dungeon
  3594 | D:5      | Reached XP level 8. HP: 49/64 MP: 8/8
  3597 | D:5      | Noticed Eustachio
  3744 | D:5      | Killed Eustachio
  3745 | D:5      | Reached skill level 1 in Evocations
  3938 | D:5      | Reached skill level 6 in Fighting
  3938 | D:5      | Noticed Menkaure
  3946 | D:5      | Killed Menkaure
  4215 | D:5      | Reached XP level 9. HP: 67/69 MP: 9/9
  4922 | D:7      | Found a staircase to the Ecumenical Temple.
  4932 | Temple   | Entered the Ecumenical Temple
  4939 | Temple   | Became a worshipper of Warmaster Okawaru
  5208 | D:7      | Found a hide-covered altar of Uskayaw.
  5543 | D:6      | Reached skill level 1 in Invocations
  5555 | D:6      | Reached * piety under Okawaru
  5556 | D:6      | Reached skill level 5 in Ranged Weapons
  5583 | D:6      | Reached XP level 10. HP: 66/77 MP: 11/11
  5632 | D:6      | Noticed Edmund
  5658 | D:6      | Killed Edmund
  5960 | D:6      | Reached skill level 5 in Short Blades
  6011 | D:6      | Noticed Maggie
  6035 | D:6      | Killed Maggie
  6035 | D:6      | Reached ** piety under Okawaru
  6241 | D:6      | Reached skill level 7 in Fighting
  6357 | D:7      | Reached skill level 5 in Dodging
  6694 | D:7      | Found a white marble altar of Elyvilon.
  7073 | D:8      | Found Quzidd's Magic Scroll Emporium.
  7078 | D:8      | Bought a scroll of teleportation for 42 gold pieces
  7159 | D:8      | Found Esumer's Weapon Shop.
  7224 | D:8      | Reached *** piety under Okawaru
  7258 | D:8      | Found Heidghoki's Jewellery Shop.
  7881 | D:8      | Found Zoxtaeshakh's Jewellery Boutique.
  7965 | D:9      | You fall into a shaft and drop 2 floors!
  8029 | D:10     | Entered Level 10 of the Dungeon
  8089 | D:10     | Reached XP level 11. HP: 34/84 MP: 11/13
  8517 | D:9      | Reached **** piety under Okawaru
  8667 | D:9      | Slain by a wyvern

Illustrated notes

Levels and vault maps discovered:
D:1:      dpeg_arrival_three_smaller_balls, layout_basic
D:2:      layout_loops_ring
D:3:      layout_basic, serial_shops, nicolae_shop_stone, st_stairs_9,
          minmay_misc_feat_doors, eino_curves_03, uniq_robin
D:4:      minmay_wonky_spiral, layout_basic,
          mainiacjoe_overflow_surrounded_room, minivault_5
D:5:      layout_cave_pods, uniq_menkaure, uniq_eustachio
D:6:      cheibrodos_barr_body, layout_basic, minmay_crystal_room,
          minmay_pentangle, uniq_maggie, uniq_edmund
D:7:      layout_cave_pools, nicolae_uskayaw_murder_on_the_dancefloor,
          elyvilon_altar_4, minmay_temple_entry_purple_smoke
D:8:      layout_basic, serial_shops, shop_statue, kennysheep_little_box, shop,
          nicolae_shop_window_shopping
D:9:      layout_cave_pools, uniq_prince_ribbit1
D:10:     layout_stronghold, erik_lair_island, serial_shops,
          nicolae_shop_statue_plus, uniq_erolcha
D:11:     layout_roguey
Temple:   nicolae_temple_bog_church

Skill      XL: |  1  2  3  4  5  6  7  8  9 10 11 |
---------------+----------------------------------+-----
Short Blades   | 1 4 5 |  5.5
Dodging        | 4 5 |  5.2
Fighting       | 5 6 7 |  7.3
Long Blades    | 5 6 |  6.9
Ranged Weapons | 3 4 5 |  5.0
Throwing       | 3 4 |  4.0
Armour         | 5 6 |  6.2
Stealth        | 4 |  4.3
Shields        | 5 6 |  6.2
Evocations     | 1 2 3 4 |  4.0
Invocations    | 1 3 |  3.7

Action                   |  1- 3 |  4- 6 |  7- 9 | 10-12 || total
-------------------------+-------+-------+-------+-------++-------
Melee: Long sword        |    93 |       |       |       ||    93
       Dagger            |    10 |    96 |    65 |   119 ||   290
       Falchion          |       |       |   189 |   301 ||   490
 Fire: Sling             |       |    10 |    51 |    17 ||    78
Throw: Stone             |     5 |    13 |    17 |    15 ||    50
       Dart              |       |       |     1 |       ||     1
       Boomerang         |       |       |       |    11 ||    11
Invok: Heroism           |       |       |       |     4 ||     4
Evoke: Wand              |       |       |    11 |       ||    11
  Use: Scroll            |     1 |       |     2 |    11 ||    14
       Potion            |       |     1 |     1 |     2 ||     4
 Stab: Sleeping          |       |       |     1 |     6 ||     7
Armor: Scale mail        |    36 |    37 |    17 |       ||    90
       Leather armour    |       |       |    80 |    96 ||   176
Dodge: Dodged            |    65 |    32 |   123 |   194 ||   414
Block: Buckler           |    21 |     9 |    60 |    90 ||   180
